Map: [ESL] Pride of Altaris

Players

Neeb

  • Race: Protoss Protoss

Solar - Winner!

  • Race: Zerg Zerg

Event: IEM Katowice 2022

VOD

Have the link to the VOD?

Description

Time

  • Played on: Feb. 24, 2022, 9:48 a.m.
  • Length: 10:30

All games in this series

Show
View Real Time Build Order
Export as new Build Order

Neeb Protoss 

Build Orders: 1 Gate Expand, Oracle Opening 

Get SALT Encoding   

  12  0:00  Probe  
  13  0:12  Probe  
  14  0:17  Pylon  
  14  0:24  Probe (Chrono Boost)  
  15  0:36  Probe (Chrono Boost)  
  15  0:41  Gateway  
  16  0:44  Probe (Chrono Boost)  
  17  0:50  Assimilator  
  17  0:51  Probe  
  18  1:03  Probe  
  19  1:15  Probe  
  20  1:24  Nexus  
  20  1:34  Cybernetics Core  
  20  1:36  Probe  
  21  1:41  Assimilator  
  21  1:48  Probe  
  21  1:52  Pylon  
  22  1:59  Assimilator  
  22  2:00  Probe (Chrono Boost)  
  23  2:10  Probe (Chrono Boost), Adept (Chrono Boost)  
  26  2:16  Probe (Chrono Boost)  
  26  2:22  Stargate  
  27  2:28  Probe (Chrono Boost)  
  28  2:34  Warp Gate  
  28  2:36  Probe (Chrono Boost)  
  30  2:37  Adept (Chrono Boost)  
  30  2:38  Probe (Chrono Boost)  
  30  2:43  Probe  
  33  2:47  Probe  
  34  2:55  Probe  
  35  3:00  Probe, Adept  
  38  3:07  Probe  
  38  3:10  Oracle (Chrono Boost)  
  42  3:13  Probe  
  42  3:16  Pylon  
  42  3:19  Probe  
  44  3:25  Probe  
  45  3:31  Probe  
  46  3:36  Void Ray (Chrono Boost)  
  46  3:37  Probe  
  51  3:43  Pylon, Probe  
  52  3:49  Probe  
  52  3:55  Probe  
  54  3:58  Pylon  
  54  4:01  Probe  
  55  4:06  Assimilator  
  55  4:09  Nexus, Probe  
  56  4:12  Pylon  
  56  4:17  Probe  
  56  4:18  Stargate  
  56  4:21  Probe  
  56  4:29  Probe  
  56  4:30  Robotics Facility  
  57  4:31  Shield Battery  
  57  4:33  Probe  
  56  4:38  Adept  
  56  4:41  Probe  
  64  4:45  Probe  
  64  4:49  Forge  
  60  4:53  Probe  
  60  4:54  Void Ray x2 (Chrono Boost)  
  60  4:55  Pylon  
  60  4:57  Probe  
  62  5:05  Probe  
  71  5:09  Probe  
  71  5:11  Adept  
  71  5:13  Pylon  
  74  5:20  Robotics Bay, Probe (Chrono Boost)  
  75  5:22  Probe (Chrono Boost)  
  75  5:26  Probe (Chrono Boost)  
  78  5:28  Observer  
  78  5:32  Probe (Chrono Boost)  
  78  5:33  Probe (Chrono Boost)  
  78  5:34  Assimilator  
  81  5:37  Assimilator  
  81  5:38  Probe x3 (Chrono Boost)  
  81  5:40  Pylon  
  83  5:46  Probe  
  83  5:47  Probe  
  83  5:48  Probe  
  86  5:54  Observer  
  83  5:57  Fleet Beacon  
  83  5:58  Probe  
  83  6:00  Stargate  
  84  6:04  Gateway  
  84  6:05  Gateway  
  84  6:08  Gateway  
  84  6:09  Probe  
  84  6:10  Pylon, Probe  
  86  6:12  Observer, Disruptor (Chrono Boost)  
  89  6:21  Probe  
  90  6:26  Twilight Council  
  90  6:28  Pylon  
  90  6:38  Photon Cannon, Observer  
  90  6:46  Carrier (Chrono Boost)  
  102  6:48  Carrier (Chrono Boost)  
  102  6:51  Observer  
  102  6:55  Nexus  
  102  6:56  Pylon  
  102  6:58  Pylon  
  108  7:03  Carrier (Chrono Boost)  
  108  7:07  Pylon  
  108  7:10  Photon Cannon  
  108  7:12  Probe x2  
  110  7:16  Sentry  
  110  7:17  Zealot x3  
  110  7:20  Protoss Air Weapons Level 1  
  110  7:21  Shield Battery  
  118  7:23  Photon Cannon  
  118  7:25  Probe  
  118  7:26  Probe x2  
  118  7:27  Void Ray (Chrono Boost)  
  118  7:29  Photon Cannon, Void Ray (Chrono Boost)  
  121  7:37  Protoss Ground Weapons Level 1  
  129  7:43  Charge  
  129  7:47  Assimilator  
  129  7:49  Assimilator  
  128  7:54  Gateway  
  128  7:56  Gateway  
  128  7:59  Gateway  
  128  8:01  Gateway  
  128  8:02  Disruptor (Chrono Boost)  
  128  8:05  Templar Archives  
  131  8:09  Zealot  
  131  8:10  Zealot  
  131  8:11  Void Ray  
  139  8:20  Void Ray  
  139  8:26  Pylon, Shield Battery  
  141  8:34  Stalker  
  141  8:35  Stalker x3  
  149  8:44  Disruptor (Chrono Boost)  
  137  9:03  High Templar x2, Zealot x2  
  137  9:05  Zealot x4  
  137  9:07  Archon  
  153  9:11  Disruptor (Chrono Boost)  
  152  9:23  Probe x2  
  152  9:27  Probe  
  153  9:32  Zealot  
  153  9:34  Pylon  
  153  9:36  Pylon  
  153  9:38  Pylon  
  135  9:40  Pylon  
  135  9:45  Stalker x7  
  120  9:52  Pylon  
  101  10:06  Probe  
  93  10:07  Stalker  
  93  10:08  Stalker x7  
Show
View Real Time Build Order
Export as new Build Order

Solar Zerg - Winner!

Build Orders: Hatch First 

Get SALT Encoding   

  12  0:00  Drone  
  13  0:12  Overlord  
  13  0:17  Drone  
  14  0:30  Drone x2  
  16  0:47  Drone  
  17  0:56  Hatchery, Drone  
  17  1:00  Drone  
  18  1:06  Extractor  
  17  1:15  Spawning Pool  
  16  1:19  Drone  
  16  1:21  Drone  
  18  1:27  Drone  
  19  1:46  Hatchery  
  18  1:49  Drone  
  18  1:53  Drone  
  20  2:07  Queen  
  20  2:08  Zergling x2  
  23  2:11  Drone  
  23  2:12  Drone  
  25  2:23  Metabolic Boost  
  25  2:25  Overlord  
  25  2:33  Queen  
  25  2:36  Drone  
  28  2:44  Zergling x2  
  29  2:45  Drone x2  
  29  2:50  Queen  
  33  2:52  Zergling x2  
  33  2:55  Drone  
  33  2:56  Drone  
  36  3:03  Queen  
  38  3:08  Overlord  
  39  3:14  Zergling x4  
  41  3:21  Drone x2  
  41  3:22  Overlord  
  41  3:26  Zergling x2  
  43  3:29  Drone  
  43  3:31  Queen  
  43  3:33  Drone  
  47  3:34  Drone  
  47  3:39  Spore Crawler  
  47  3:41  Drone  
  47  3:43  Drone  
  47  3:45  Spore Crawler  
  47  3:48  Zergling x6  
  50  3:52  Spore Crawler  
  50  3:54  Drone  
  50  3:57  Drone x2  
  50  3:59  Drone  
  50  4:00  Drone  
  50  4:02  Drone  
  55  4:07  Queen  
  57  4:10  Drone  
  57  4:13  Spore Crawler  
  57  4:14  Drone  
  56  4:18  Drone  
  56  4:24  Overlord  
  57  4:25  Drone  
  57  4:29  Overlord  
  58  4:36  Roach Warren, Drone  
  57  4:40  Overlord  
  57  4:42  Lair, Drone  
  57  4:43  Drone x3  
  61  4:46  Extractor  
  61  4:47  Drone x2, Extractor  
  61  4:49  Drone x2  
  63  4:55  Drone x3  
  63  4:57  Drone  
  63  4:58  Drone  
  63  4:59  Drone  
  69  5:01  Drone x2  
  69  5:03  Drone  
  69  5:06  Drone  
  69  5:07  Extractor  
  72  5:10  Drone  
  72  5:13  Overlord  
  73  5:15  Drone  
  73  5:19  Drone x3  
  73  5:21  Drone  
  78  5:25  Drone x2  
  78  5:26  Drone  
  78  5:28  Drone  
  81  5:30  Drone  
  81  5:32  Drone  
  81  5:33  Drone x2  
  81  5:35  Hatchery, Drone, Extractor  
  84  5:36  Extractor  
  84  5:39  Zergling x2  
  84  5:42  Overseer, Spire  
  83  5:44  Overlord  
  83  5:46  Drone  
  83  5:47  Drone  
  83  5:49  Drone  
  85  5:50  Drone  
  85  5:51  Overlord  
  85  5:55  Overlord  
  86  5:57  Queen  
  86  6:00  Drone x2  
  86  6:03  Overlord  
  86  6:04  Drone x2  
  92  6:06  Drone x2  
  92  6:08  Drone  
  93  6:12  Drone  
  93  6:14  Overlord  
  93  6:15  Drone  
  95  6:19  Glial Reconstitution  
  95  6:23  Evolution Chamber  
  95  6:24  Drone  
  95  6:25  Drone x3, Extractor  
  96  6:27  Drone x2  
  96  6:29  Extractor  
  96  6:30  Drone  
  99  6:33  Drone x3, Overlord  
  99  6:36  Overlord  
  99  6:39  Overseer  
  102  6:41  Drone x3  
  105  6:51  Overlord  
  105  6:56  Corruptor x4  
  105  6:59  Zerg Missile Weapons Level 1  
  105  7:01  Corruptor x2  
  113  7:03  Zerg Flyer Weapons Level 1  
  113  7:04  Hatchery, Corruptor  
  118  7:09  Corruptor x2  
  118  7:10  Corruptor  
  118  7:13  Corruptor  
  118  7:15  Overlord  
  126  7:17  Corruptor  
  126  7:18  Corruptor  
  126  7:21  Corruptor  
  132  7:23  Overlord  
  132  7:25  Corruptor  
  133  7:32  Corruptor  
  135  7:38  Drone x2  
  135  7:39  Overlord  
  135  7:40  Corruptor  
  135  7:41  Corruptor  
  141  7:44  Extractor  
  141  7:46  Corruptor  
  141  7:48  Extractor  
  141  7:49  Overlord  
  141  7:50  Corruptor  
  143  7:53  Zergling x6  
  143  7:55  Roach x5  
  156  8:02  Roach x6  
  168  8:07  Corruptor  
  168  8:08  Zergling x2  
  168  8:09  Zergling x14  
  180  8:13  Roach  
  180  8:18  Corruptor x2  
  184  8:20  Roach x2  
  184  8:21  Roach  
  184  8:24  Overlord  
  189  8:32  Roach x2  
  189  8:34  Ravager  
  188  8:35  Ravager  
  189  8:42  Queen x2  
  189  8:43  Overlord  
  189  8:45  Overlord  
  193  8:50  Corruptor  
  193  8:51  Corruptor x2  
  187  8:56  Roach x2  
  187  9:00  Roach  
  187  9:01  Roach x2  
  187  9:02  Zergling x6  
  188  9:03  Zergling x16  
  188  9:09  Roach x2  
  199  9:15  Infestation Pit  
  198  9:22  Roach x4  
  198  9:23  Roach  
  196  9:25  Roach x3  
  196  9:27  Roach  
  198  9:35  Roach  
  198  9:36  Roach x3  
  198  9:39  Roach x2  
  198  9:42  Roach x3  
  198  9:44  Roach x2  
  185  9:45  Roach  
  185  9:46  Roach  
  185  9:48  Queen  
  185  9:51  Queen  
  179  9:53  Zergling x10  
  179  9:55  Zergling x2  
  181  10:00  Zergling x6  
  181  10:04  Roach  
  178  10:09  Roach x2  

Tags
 
Add a new tag
Caveats
  • Supply blocks, unpowered buildings, or Contaminate may cause inaccurate times.
  • Supply counts are checked every 10 seconds.